 Dungeon Crawl Stone Soup version 0.28.0-53-g5a82cb258f (webtiles) character file.

Game seed: 8794895749507690553

70 quixfox the Covered (level 4, -5/40 HPs)
             Began as a Minotaur Fighter on July 12, 2022.
             Killed by divine providence
             ... invoked by an orc priest
              (12 damage)
             ... on level 3 of the Dungeon.
             The game lasted 00:03:06 (1830 turns).

quixfox the Covered (Minotaur Fighter)              Turns: 1830, Time: 00:03:07

Health: -5/40      AC:  7    Str: 22    XL:     4   Next: 3%
Magic:  3/3        EV:  9    Int:  5    God:
Gold:   76         SH:  4    Dex: 10    Spells: 3/3 levels left

rFire   . . .      SeeInvis .   a - +0 war axe
rCold   . . .      Faith    .   c - +0 buckler
rNeg    . . .      Spirit   .   b - +0 scale mail
rPois   .          Reflect  .   (helmet restricted)
rElec   .          Harm     .   (no cloak)
rCorr   .          Rampage  .   (no gloves)
Will    .....                   (no boots)
Stlth   ..........              (no amulet)
HPRegen 0.13/turn               (no ring)
MPRegen 0.08/turn               (no ring)

@: no status effects
A: horns 2, retaliatory headbutt
a: no special abilities


You were on level 3 of the Dungeon.
You visited 1 branch of the dungeon, and saw 3 of its levels.

You collected 76 gold pieces.

Inventory:

Hand Weapons
 a - a +0 war axe (weapon)
Armour
 b - a +0 scale mail (worn)
 c - a +0 buckler (worn)
Wands
 l - a wand of iceblast (8) (quivered)
Scrolls
 f - a scroll of fog {unknown}
 i - a scroll of silence {unknown}
 j - a scroll of fear
 k - a scroll of teleportation {unknown}
 n - a scroll of identify {unknown}
Potions
 d - a potion of might
 e - a potion of brilliance {unknown}
 g - a potion of haste
 h - a potion of lignification {unknown}
 m - a potion of mutation {unknown}
 o - a potion of degeneration {unknown}
 p - 2 potions of resistance {unknown}


   Skills:
 + Level 4.2 Fighting
 * Level 4.2 Axes
 + Level 4.2 Armour
 - Level 3.6 Shields


You had 3 spell levels left.
You didn't know any spells.
Your spell library was empty.

Dungeon Overview and Level Annotations

Branches:
Dungeon (3/15)

Altars:
Zin

Shops:
D:1 *


Innate Abilities, Weirdness & Mutations

You have a pair of horns on your head.
You reflexively headbutt those who attack you in melee.


Message History

You see here a rat corpse.
You see here 24 stones.
An orc priest comes into view. It is wielding a +0 mace.
The orc priest shouts!
An orc priest comes into view. It is wielding a +0 falchion.
An orc priest comes into view. It is wielding a +0 mace.
The orc priest moves out of view.
The orc priest shouts! x2; You hear a shout!
The orc priest mumbles some strange prayers to Beogh against you.
Pain shoots through your body!
A rat comes into view.
An orc comes into view. It is wielding a +0 dagger.
The orc priest begins to cast a cantrip, but forgets the words!
The orc priest casts a cantrip, but nothing happens.
The orc priest hits you with a +0 mace.
You slash the orc priest! Your headbutt misses the orc priest.
The orc priest is severely wounded.
The orc priest hits you with a +0 mace.
You closely miss the orc priest.
The orc priest is severely wounded.
The orc priest hits you with a +0 mace.
You closely miss the orc priest. Your headbutt misses the orc priest.
The orc priest is severely wounded.
The orc priest mumbles some strange prayers to Beogh against you.
Pain shoots through your body!
The orc priest invokes the aid of Beogh against you.
Beogh smites you!
* * * LOW HITPOINT WARNING * * *
The rat twitches its whiskers.
The orc priest barely misses you.
As you read the scroll labelled ZITHEI BOCIAN, it crumbles to dust.
You assume a fearsome visage.
The orc looks frightened!
The orc priest looks frightened! x2; The orc priest easily resists.
The rat looks frightened!
It was a scroll of fear.
You hit the orc priest but do no damage.
Your attack snaps the orc priest out of its fear.
The orc priest is severely wounded.
The orc priest invokes the aid of Beogh against you.
Beogh smites you!
You die...

#.# #.#######
#........
######### # # ##
#
##..o############
#
...r.oo@........#
#
##...##########.#
# ... #.########
. #........(
##########


You could see 2 orc priests, an orc (fleeing) and a rat (fleeing).

Vanquished Creatures
  An adder (D:2)
  A gnoll (D:1)
  A worm (D:3)
  2 orcs (D:3)
  6 ball pythons
  7 endoplasms
  A goblin (D:1)
  6 hobgoblins
  2 jackals (D:1)
  3 quokkas (D:1)
  2 bats
  2 frilled lizards
  A kobold (D:1)
  7 rats
42 creatures vanquished.

Notes
Turn   | Place    | Note
-------+----------+-------------------------------------------
     0 | D:1      | quixfox the Minotaur Fighter began the quest for the Orb.
     0 | D:1      | Reached XP level 1. HP: 19/19 MP: 0/0
    98 | D:1      | Reached XP level 2. HP: 13/27 MP: 1/1
   350 | D:1      | Reached XP level 3. HP: 33/33 MP: 2/2
   752 | D:1      | Found Wuodeho's Assorted Antiques.
  1096 | D:2      | Found a glowing silver altar of Zin.
  1731 | D:3      | Reached XP level 4. HP: 36/40 MP: 3/3
  1830 | D:3      | Killed from afar by an orc priest

Illustrated notes

Levels and vault maps discovered:
D:1:      dpeg_arrival_connections, layout_loops_ring, serial_shops,
          nicolae_shop_overgrown_old_shop, palyth_stone_intersect
D:2:      layout_basic, basic_altar
D:3:      layout_loops_ring, basic_ecumenical_altar,
          amcnicky_mini_rare_corridor_liquid

Skill      XL: |  1  2  3 |
---------------+----------+-----
Axes           | 3 4 |  4.2
Fighting       | 4 |  4.2
Armour         | 4 |  4.2
Shields        | |  3.6

Action                   |  1- 3 |  4- 6 || total
-------------------------+-------+-------++-------
Melee: War axe           |    79 |     6 ||    85
       Headbutt          |     6 |     1 ||     7
  Use: Scroll            |       |     1 ||     1
Armor: Scale mail        |    34 |       ||    34
Dodge: Dodged            |    42 |     1 ||    43
Block: Buckler           |    17 |       ||    17
